 Dungeon Crawl Stone Soup version 0.29.1-15-g9cfb28693d (webtiles) character file.

Game seed: 11839586449952428980

13 javelincjr the Magician (level 2, 0/22 HPs)
             Began as a Djinni Conjurer on Feb 22, 2023.
             Slain by a gnoll
             ... wielding a +0 spear
              (1 damage)
             ... on level 1 of the Dungeon.
             The game lasted 00:04:00 (490 turns).

javelincjr the Magician (Djinni Conjurer)            Turns: 490, Time: 00:04:01

Health: 0/22       AC:  2    Str:  6    XL:     2   Next: 50%
Gold:   16         EV: 12    Int: 19    God:
                   SH:  0    Dex: 11

rFire   + + .      SeeInvis .   b - +5 dagger
rCold   x . .      Faith    .   (no shield)
rNeg    . . .      Spirit   .   a - +0 robe
rPois   ∞          Reflect  .   (no helmet)
rElec   .          Harm     .   (no cloak)
rCorr   .          Rampage  .   (no gloves)
Will    .....                   (boots unavailable)
Stlth   ++........              (no amulet)
HPRegen 0.07/turn               (no ring)
MPRegen 0.00/turn               (no ring)

@: flying
A: sickness immunity, fire resistance 2, cold vulnerability 1, float, innate
caster, HP casting, extra vitality 1
a: no special abilities


You were on level 1 of the Dungeon.
You visited 1 branch of the dungeon, and saw 1 of its levels.

You collected 16 gold pieces.

Inventory:

Hand Weapons
 b - a +5 dagger (weapon)
Armour
 a - a +0 robe (worn)
 d - a +0 kite shield


   Skills:
 * Level 0.8 Fighting
 + Level 2.4 Dodging
 + Level 1.8 Stealth
 * Level 3.4 Spellcasting


You couldn't memorise any spells.
You knew the following spells:

 Your Spells              Type           Power      Damage    Failure   Level
a - Magic Dart            Conj           64%        1d6       3%          1
b - Searing Ray           Conj           32%        2d5       5%          2
c - Dazzling Flash        Conj/Hex       32%        N/A       11%         3
d - Fulminant Prism       Conj/Hex       8%         3d7       34%         4
e - Iskenderun's Mystic   Conj/Tloc      16%        2d5       34%         4
Your spell library was empty.

Dungeon Overview and Level Annotations

Branches:
Dungeon (1/15)

Altars:


Innate Abilities, Weirdness & Mutations

You are immune to sickness and miasma.
You are immune to poison.
Your flesh is very heat resistant. (rF++)
You are vulnerable to cold. (rC-)
You float through the air rather than walking.
You learn spells naturally, not from books.
Your magical power is your life essence.
You have superior vitality. (+4 MHP)


Message History

You kill the jackal!
The ball python hisses angrily.
Casting: Magic Dart (safe; 3% risk of failure)
Confirm with . or Enter, or press ? or * to list all spells.
Aiming: Magic Dart (safe; 3% risk of failure)
Press: ? - help, Shift-Dir - straight line, f - gnoll
Aim: a gnoll, wielding a +0 spear (100% to hit)
The magic dart hits the gnoll.
The gnoll is moderately wounded.
Casting: Magic Dart (safe; 3% risk of failure)
Confirm with . or Enter, or press ? or * to list all spells.
Aiming: Magic Dart (safe; 3% risk of failure)
Press: ? - help, Shift-Dir - straight line, f/p - gnoll
Aim: a gnoll, wielding a +0 spear (moderately wounded, 100% to hit)
You miscast Magic Dart.
You are very lightly contaminated with residual magic.
Nothing appears to happen.
Your magical contamination has completely faded away.
The magic dart hits the gnoll.
The gnoll is moderately wounded.
The magic dart hits the gnoll.
The gnoll is moderately wounded.
The gnoll closely misses you.
The magic dart hits the gnoll.
The gnoll is heavily wounded.
The gnoll hits you from afar with a +0 spear!
Things that are here:
a +0 dagger; a kobold corpse The quokka bites you.
* * * LOW HITPOINT WARNING * * *
The quokka bites you.
* * * LOW HITPOINT WARNING * * *
You closely miss the quokka. The gnoll barely misses you. The quokka bites you.
* * * LOW HITPOINT WARNING * * *
You aren't carrying any potions.
As you read the scroll labelled COCUIL JOFIO, it crumbles to dust.
It is a scroll of amnesia.
You feel forgetful for a moment.
The gnoll hits you from afar with a +0 spear.
You die...

#.# #........#......#
#######.######...............##
.....>.......+.................
#######.#.####...............##
#.#..###.................
#.##..##........#####....
#.###.g.#######.# ##....
#.....S....####.# #...[.
......#...r@..#....# #.....
...##.#.##....#g#######..... .
#.##.#......g.rSr.....
#....#..##########....
####.#..... ##... #....#..#.
#.S. #.......##. #...
######.#.##. #... ...#..## #S..


You could see a gnoll, a quokka and a ball python.

Vanquished Creatures
  A dart slug (D:1)
  A ball python (D:1)
  A goblin (D:1)
  A hobgoblin (D:1)
  A jackal (D:1)
  2 kobolds (D:1)
  2 bats (D:1)
  A frilled lizard (D:1)
10 creatures vanquished.

Notes
Turn   | Place    | Note
-------+----------+-------------------------------------------
     0 | D:1      | javelincjr the Djinni Conjurer began the quest for the Orb.
     0 | D:1      | javelincjr set off with the following spells memorised:
                  | Magic Dart, Searing Ray, Dazzling Flash, Fulminant Prism,
                  | Iskenderun's Mystic Blast.
     0 | D:1      | Reached XP level 1. HP: 15/15 MP: 0/0
   224 | D:1      | Reached XP level 2. HP: 20/22 MP: 0/0
   489 | D:1      | HP: 1/22 [quokka (3)]
   490 | D:1      | Slain by a gnoll

Illustrated notes

Levels and vault maps discovered:
D:1:      giann_horns, layout_basic, ebering_ecumenical_altar_rust,
          minmay_bisected

Action                   || total
-------------------------++-------
Melee: Dagger            ||     1
 Cast: Magic Dart        ||    21
  Use: Scroll            ||     1
Dodge: Dodged            ||     3
